 Dungeon Crawl Stone Soup version 0.14-a0-1707-g75daffb (webtiles) character file.

221 Nicoed the Grave Robber (level 4, 0/30 HPs)
             Began as a Demonspawn Necromancer on Dec 31, 2013.
             Killed from afar by Ijyb (10 damage)
             ... with a wand of frost
             ... on Level 2 of the Dungeon.
             The game lasted 00:12:30 (1415 turns).

Nicoed the Grave Robber (Demonspawn Necromancer)    Turns: 1415, Time: 00:12:30

HP   0/30        AC  6     Str  7      XL: 4   Next:  1%
MP   0/8         EV  4     Int 18      God:
Gold 153         SH 22     Dex 17      Spells:  3 memorised,  4 levels left

rFire  . . .     SeeInvis .     e - +0 short sword
rCold  . . .     Clarity  .     i - +0 elf ring mail
rNeg   . . .     Conserve .     w - +1 dwarf large shield
rPois  .         rCorr    .     (no helmet)
rElec  .         rRot     .     l - +0 cloak
SustAb . .       Spirit   +     (no gloves)
rMut   .         Warding  .     (no boots)
Saprov . . .     Stasis   .     (no amulet)
                                (no ring)
                                d - cursed ring of hunger

@: very slightly contaminated, slightly resistant to hostile enchantments,
stealthy
A: thin skeletal structure 2, magic shield
a: no special abilities


You were on level 2 of the Dungeon.
You were hungry.

You visited 1 branch of the dungeon, and saw 2 of its levels.

You collected 153 gold pieces.

Inventory:

Hand weapons
 e - a +0,+0 short sword (weapon)
Armour
 i - a +0 elven ring mail (worn)
 l - a +0 cloak (worn)
 w - a +1 dwarven large shield (worn)
Comestibles
 c - 2 bread rations
 f - a meat ration
 p - a choko
Scrolls
 a - 4 scrolls of identify {unknown}
 g - a scroll of magic mapping {unknown}
 h - a scroll of amnesia {unknown}
 j - a scroll of curse jewellery {unknown}
 m - a scroll of remove curse {unknown}
 o - a scroll of enchant armour {unknown}
 u - a scroll of noise {unknown}
Jewellery
 d - a cursed ring of hunger (left hand)
Potions
 k - a potion of beneficial mutation {unknown}
 n - a potion of agility {unknown}
 s - a potion of lignification {unknown}
 t - a potion of brilliance {unknown}
 v - a potion of restore abilities {unknown}
Books
 b - a book of Necromancy

   Spells                             Type                      Level
   *Pain                              Necromancy                   1
   *Animate Skeleton                  Necromancy                   1
   *Lethal Infusion                   Charms/Necromancy            2
   Vampiric Draining                  Necromancy                   3
   Regeneration                       Charms/Necromancy            3
   Animate Dead                       Necromancy                   4
   Control Undead                     Necromancy                   4


   Skills:
 - Level 0.8 Armour
 + Level 2.4 Dodging
 - Level 1.7 Stealth
 + Level 2.8 Spellcasting
 + Level 5.0 Necromancy


You had 4 spell levels left.
You knew the following spells:

 Your Spells              Type           Power        Failure   Level  Hunger
a - Pain                  Necr           ###.         99%         1    None
b - Animate Skeleton      Necr           N/A          99%         1    None
c - Lethal Infusion       Chrm/Necr      ##........   100%        2    ##.....


Dungeon Overview and Level Annotations

Branches:
Dungeon (2/16)

Altars:

Annotations:
D:2 Ijyb


Innate Abilities, Weirdness & Mutations

You have a moderately thin skeletal structure (Dex +4, Str -1, Stlth).
When hurt, damage is shared between your health and your magic reserves.


Message History

You block Ijyb's attack.
You hit Ijyb but do no damage.
Ijyb is lightly wounded.
Ijyb zaps a wand.
The puff of frost hits you! Ijyb hits you but does no damage.
Your shield prevents you from hitting Ijyb.
Ijyb is lightly wounded.
You block Ijyb's attack.
You hit Ijyb but do no damage.
Ijyb is lightly wounded.
You block Ijyb's attack.
You hit Ijyb but do no damage.
Ijyb is lightly wounded.
You block Ijyb's attack.
Ijyb hits you with a glowing elven dagger.
Unknown command.
Ijyb hits you but does no damage.
Your ring mail prevents you from hitting Ijyb.
Ijyb is lightly wounded.
Ijyb zaps a wand.
The puff of frost hits you!
You die...

######### #........#
#####@...)...#
#...zg.......#
############.###........
.............# #........
############## #........
#######+


You could see Ijyb and the friendly Jessica the human skeleton.

Vanquished Creatures
  Jessica (D:2)
  3 adders (D:2)
  A bat (D:1)
  4 hobgoblins
  2 jackals (D:1)
  A kobold (D:2)
  A ball python (D:1)
  3 giant cockroaches
  2 giant newts
  2 goblins
  2 rats (D:1)
22 creatures vanquished.

Vanquished Creatures (collateral kills)
  A bat (D:2)
1 creature vanquished.

Vanquished Creatures (others)
  A goblin skeleton (D:2)
1 creature vanquished.

Grand Total: 24 creatures vanquished

Notes
Turn   | Place    | Note
--------------------------------------------------------------
     0 | D:1      | Nicoed, the Demonspawn Necromancer, began the quest for the Orb.
     0 | D:1      | Reached XP level 1. HP: 13/13 MP: 3/3
     3 | D:1      | Learned a level 1 spell: Animate Skeleton
   611 | D:1      | Gained mutation: You have a somewhat thin skeletal structure (Dex +2, Stlth). [demonic ancestry]
   611 | D:1      | Reached XP level 2. HP: 19/19 MP: 2/4
   622 | D:1      | Learned a level 2 spell: Lethal Infusion
  1024 | D:2      | Gained mutation: When hurt, damage is shared between your health and your magic reserves. [demonic ancestry]
  1024 | D:2      | Reached XP level 3. HP: 11/24 MP: 0/6
  1035 | D:2      | Noticed Jessica
  1212 | D:2      | Killed Jessica
  1386 | D:2      | Noticed Ijyb
  1403 | D:2      | Reached skill level 5 in Necromancy
  1403 | D:2      | Gained mutation: You have a moderately thin skeletal structure (Dex +4, Str -1, Stlth). [demonic ancestry]
  1403 | D:2      | Reached XP level 4. HP: 30/30 MP: 5/8
  1415 | D:2      | Killed from afar by Ijyb

Action                   |  1- 3 |  4- 6 || total
-------------------------+-------+-------++-------
Melee: Short sword       |    43 |    10 ||    53
 Cast: Pain              |    35 |       ||    35
       Animate Skeleton  |     3 |       ||     3
       Lethal Infusion   |     2 |       ||     2
